 Dungeon Crawl Stone Soup version 0.32-a0-695-g7accb7e (webtiles) character file.

Game seed: 5145526519346543023

1893 Toastz the Skirmisher (level 9, -7/56 HPs)
             Began as a Gargoyle Hunter on Mar 12, 2024.
             Was a Follower of Okawaru.
             Mangled by a two-headed ogre
             ... wielding a +0 giant club
              (18 damage)
             ... on level 7 of the Dungeon.
             The game lasted 00:10:36 (4755 turns).

Toastz the Skirmisher (Gargoyle Hunter)             Turns: 4755, Time: 00:10:36

Health: -7/56      AC: 15    Str: 15    XL:     9   Next: 15%
Magic:  8/9        EV: 13    Int: 10    God:    Okawaru [*.....]
Gold:   207        SH:  0    Dex: 23    Spells: 8/8 levels left

rFire   + . .        a - +0 shortbow
rCold   . . .        (shield currently unavailable)
rNeg    + . .        c - +0 leather armour
rPois   ∞            q - +0 helmet
rElec   +            m - +0 cloak
rCorr   .            f - +1 pair of gloves
SInv    .            (no boots)
Will    .....        y - amulet of regeneration
Stlth   ++           w - +6 ring of dexterity
HPRegen 1.09/turn    A - ring of protection from fire
MPRegen 0.11/turn

%: no passive effects
@: mighty
A: sickness immunity, AC +6, negative energy resistance 1, electricity
resistance, torment resistance 1, petrification resistance
a: Renounce Religion, Heroism


You were on level 7 of the Dungeon.
You worshipped Okawaru.
Okawaru was aware of your devotion.
You visited 2 branches of the dungeon, and saw 8 of its levels.

You collected 315 gold pieces.
You spent 108 gold pieces at shops.

Inventory:

Hand Weapons
 a - a +0 shortbow (weapon)
Missiles
 j - 4 throwing nets
Armour
 c - a +0 leather armour (worn)
 f - a +1 pair of gloves (worn)
 m - a +0 cloak (worn)
 p - a +1 ring mail of poison resistance
 q - a +0 helmet (worn)
Jewellery
 t - an amulet of guardian spirit
 w - a +6 ring of dexterity (left hand)
 y - an amulet of regeneration (around neck)
 A - a ring of protection from fire (right hand)
Wands
 o - a wand of roots (7)
 v - a wand of flame (11)
Scrolls
 b - a scroll of butterflies
 d - a scroll of summoning {unknown}
 i - a scroll of poison {unknown}
 n - 4 scrolls of noise
 r - 7 scrolls of teleportation
 x - a scroll of brand weapon {unknown}
 B - a scroll of immolation {unknown}
 D - a scroll of silence {unknown}
Potions
 e - 3 potions of heal wounds {unknown}
 g - 2 potions of curing
 h - a potion of magic {unknown}
 k - a potion of brilliance {unknown}
 l - a potion of degeneration {unknown}
 s - a potion of lignification {unknown}
 u - 4 potions of might
 z - a potion of enlightenment {unknown}
 C - a potion of invisibility {unknown}


   Skills:
 + Level 6.5 Fighting
 * Level 9.0 Ranged Weapons
 + Level 6.0 Armour
 + Level 2.3 Dodging
 - Level 1.1 Stealth
 - Level 1.0 Invocations


You had 8 spell levels left.
You didn't know any spells.
Your spell library contained the following spells:

 Spells                   Type           Power      Damage    Failure   Level
 Magic Dart               Conj           0%         1d3       41%         1
 Blink                    Tloc           0%         N/A       56%         2
 Ensorcelled Hibernation  Hex/Ice        0%         N/A       56%         2
 Inner Flame              Hex/Fire       0%         N/A       80%         3
 Passwall                 Erth           0%         N/A       80%         3
 Sigil of Binding         Hex            0%         N/A       80%         3
 Swiftness                Air            0%         N/A       80%         3
 Dimensional Bullseye     Hex/Tloc       0%         N/A       99%         4
 Flame Wave               Conj/Fire      0%         2d4       99%         4
 Sticky Flame             Fire/Alch      0%         2d4       99%         4
 Call Imp                 Summ           Unusable   N/A       N/A         2
 Call Canine Familiar     Summ           Unusable   N/A       N/A         3

Dungeon Overview and Level Annotations

Branches:
Dungeon (7/15)             Temple (1/1) D:5

Altars:
Ashenzari
Cheibriados
Dithmenos
Elyvilon
Fedhas
Gozag
Kikubaaqudgha
Makhleb
Nemelex Xobeh
Okawaru
Ru
Sif Muna
Trog
Uskayaw
Vehumet
Wu Jian
Xom
Yredelemnul
Zin
The Shining One

Shops:
D:3 ?

Annotations:
D:6 2 transporters, RazingBull's ghost, novice MiFi


Innate Abilities, Weirdness & Mutations

You are immune to sickness and miasma.
Your stone body is resilient. (AC +6)
You are immune to poison.
You resist negative energy. (rN+)
You are resistant to electric shocks. (rElec)
You are resistant to unholy torment.
You are immune to petrification.


Message History

The two-headed ogre is lightly wounded.
You feel very mighty all of a sudden. The two-headed ogre closely misses you.
The two-headed ogre hits you with a +0 giant spiked club!
Okay, then.
You shoot an arrow.
The arrow hits the two-headed ogre but does no damage.
The two-headed ogre is lightly wounded.
You shoot an arrow. The arrow hits the two-headed ogre.
The two-headed ogre is lightly wounded.
The two-headed ogre barely misses you.
The two-headed ogre hits you but does no damage.
You shoot an arrow.
The arrow hits the two-headed ogre but does no damage.
The two-headed ogre is lightly wounded.
You shoot an arrow. The arrow hits the two-headed ogre!
The two-headed ogre is heavily wounded.
The two-headed ogre closely misses you.
The two-headed ogre hits you with a +0 giant spiked club!
You shoot an arrow. The arrow hits the two-headed ogre!
The two-headed ogre is heavily wounded.
You shoot an arrow. The arrow hits the two-headed ogre.
The two-headed ogre is severely wounded.
The two-headed ogre hits you with a +0 giant club!
* * * LOW HITPOINT WARNING * * *
The two-headed ogre misses you.
You shoot an arrow.
The arrow hits the two-headed ogre but does no damage.
The two-headed ogre is heavily wounded.
You shoot an arrow. The arrow hits the two-headed ogre.
The two-headed ogre is severely wounded.
You feel like a meek peon again. The two-headed ogre barely misses you.
The two-headed ogre hits you with a +0 giant spiked club!
* * * LOW HITPOINT WARNING * * *
You shoot an arrow. The arrow hits the two-headed ogre.
The two-headed ogre is severely wounded.
You feel better.
The two-headed ogre hits you with a +0 giant club!!
You die...

......# .......
....... .....$.
#######
.......##.....##
.......#.......##
.....!.O......[.#
$......@........#
................#
#..###..........#
# ##...<.....#
##.........#
#..........#
............#
###.<........#
...........#


You could see a two-headed ogre.

Vanquished Creatures
  Grinder (D:6)
  Sigmund (D:2)
  An orc warrior (D:6)
  3 ice beasts
  A black bear (D:5)
  A centaur (D:7)
  A bullfrog (D:6)
  5 scorpions
  A gnoll sergeant (D:6)
  2 howler monkeys
  2 jellies
  A hound (D:5)
  Terence (D:2)
  3 iguanas
  2 orc wizards (D:5)
  7 gnolls
  7 adders
  A white imp (D:6)
  6 ufetubi
  3 dart slugs
  19 orcs
  3 ball pythons
  6 bats
  4 endoplasms
  3 giant cockroaches
  7 goblins
  8 hobgoblins
  5 kobolds
  6 quokkas
  3 frilled lizards
  3 rats (D:1)
117 creatures vanquished.

Notes
Turn   | Place    | Note
-------+----------+-------------------------------------------
     0 | D:1      | Toastz the Gargoyle Hunter began the quest for the Orb.
     0 | D:1      | Reached XP level 1. HP: 12/12 MP: 1/1
   103 | D:1      | Reached XP level 2. HP: 18/18 MP: 2/2
   239 | D:1      | Reached skill level 1 in Armour
   250 | D:1      | Reached XP level 3. HP: 16/22 MP: 3/3
   852 | D:2      | Noticed Terence
   866 | D:2      | Killed Terence
   867 | D:2      | Reached XP level 4. HP: 8/28 MP: 4/4
  1272 | D:2      | Noticed Sigmund
  1289 | D:2      | Killed Sigmund
  1290 | D:2      | Reached skill level 5 in Ranged Weapons
  1290 | D:2      | Reached XP level 5. HP: 31/33 MP: 5/5
  1290 | D:2      | Reached XP level 6. HP: 35/38 MP: 6/6
  1796 | D:3      | Found Ufrol's Magic Scroll Shoppe.
  1801 | D:3      | Bought 3 scrolls of teleportation for 108 gold pieces
  1879 | D:3      | Reached skill level 6 in Ranged Weapons
  2211 | D:4      | Reached XP level 7. HP: 40/44 MP: 7/7
  2347 | D:4      | Found a white marble altar of Elyvilon.
  2553 | D:4      | Found a shimmering altar of Xom.
  2881 | D:5      | Entered Level 5 of the Dungeon
  2947 | D:5      | Found a radiant altar of Vehumet.
  2995 | D:5      | Reached skill level 7 in Ranged Weapons
  3111 | D:5      | Reached skill level 5 in Fighting
  3143 | D:5      | Reached XP level 8. HP: 49/49 MP: 8/8
  3250 | D:5      | Found a staircase to the Ecumenical Temple.
  3259 | Temple   | Entered the Ecumenical Temple
  3294 | Temple   | Became a worshipper of Warmaster Okawaru
  3642 | D:5      | Found a glowing silver altar of Zin.
  3659 | D:5      | Reached skill level 5 in Armour
  3785 | D:5      | Reached skill level 8 in Ranged Weapons
  3866 | D:6      | Noticed Grinder
  4026 | D:6      | Found a transporter.
  4027 | D:6      | Found a transporter.
  4227 | D:6      | Noticed RazingBull's ghost (novice MiFi)
  4229 | D:6      | Identified the +6 trident "Ceus" {elec, *Slow rCorr Int+2}
  4229 | D:6      | Identified the +5 scale mail of Estren {Fly rF+ Stlth+}
  4344 | D:6      | Reached * piety under Okawaru
  4521 | D:6      | Paralysed by Grinder for 4 turns
  4530 | D:6      | Killed Grinder
  4531 | D:6      | Reached skill level 1 in Invocations
  4531 | D:6      | Reached XP level 9. HP: 54/56 MP: 9/9
  4737 | D:7      | Reached skill level 9 in Ranged Weapons
  4738 | D:7      | Noticed a two-headed ogre
  4753 | D:7      | HP: 2/56 [two-headed ogre/+0 giant club (15)]
  4755 | D:7      | Mangled by a two-headed ogre

Illustrated notes

Levels and vault maps discovered:
D:1:      dpeg_arrival_rhombus, layout_rooms, chequers_serial_rivers_micro_b,
          interstate_on_off, minmay_heptomino_h4
D:2:      layout_basic, grunt_decor_mini_mirrors, uniq_sigmund, uniq_terence
D:3:      layout_basic, serial_shops, shop, palyth_stone_intersect
D:4:      layout_loops_ring, xom_teletrap_fun, elyvilon_altar_5
D:5:      layout_loops_ring, lemuel_tele_altar, nicolae_vehumet_radiance,
          minmay_temple_entry_statues_fountains
D:6:      layout_loops_corners, gammafunk_ghost_gnarly_gnolls, uniq_grinder
D:7:      layout_rooms, nicolae_qazlal_scattered_showers, amcnicky_altar_gilded,
          serial_shops, nicolae_shop_just_a_little_nook,
          mainiacjoe_ossuary_entry_dusty_tomb, uniq_duvessa
Temple:   nicolae_temple_elliptical

Skill      XL: |  1  2  3  4  5  6  7  8  9 |
---------------+----------------------------+-----
Armour         | 1 2 3 4 5 6 |  6.0
Fighting       | 3 4 5 6 |  6.5
Ranged Weapons | 5 6 7 8 9 |  9.0
Dodging        | 2 |  2.3
Invocations    | 1 |  1.0
Stealth        | |  1.1

Action                     |  1- 3 |  4- 6 |  7- 9 || total
---------------------------+-------+-------+-------++-------
  Melee: Shortbow          |       |       |     2 ||     2
   Fire: Shortbow          |    95 |   155 |   286 ||   536
 Invoke: Heroism           |       |       |     1 ||     1
  Evoke: Wand              |       |     2 |       ||     2
    Use: Scroll            |       |     3 |     2 ||     5
         Potion            |       |       |     2 ||     2
 Armour: Leather armour    |    24 |    58 |   127 ||   209
  Dodge: Dodged            |    21 |    47 |   129 ||   197

Table legend: (Time is in decaauts)
 A = Elapsed time spent in this place.
 B = Non-inter-level travel time spent in this place.
 C = Inter-level travel time spent in this place.
 D = Time resting spent in this place.
 E = Time spent auto-exploring this place.
 F = Levels seen in this place.
 G = Mean time per level.
                   A        B        C        D        E       F      G
               +--------+--------+--------+--------+--------+-----+--------+
         Total |   4807 |   4516 |    291 |    152 |   3449 |   8 |  600.9 |
       Dungeon |   4736 |   4513 |    223 |    152 |   3449 |   7 |  676.6 |
        Temple |     70 |      2 |     68 |      0 |      0 |   1 |   70.0 |
               +--------+--------+--------+--------+--------+-----+--------+

Top non-repeatable levels by time:
     D:6: 921 daAuts
     D:5: 866 daAuts
     D:2: 823 daAuts
     D:4: 787 daAuts
     D:3: 717 daAuts
     D:1: 599 daAuts
  Temple: 70 daAuts
     D:7: 20 daAuts
